 Dungeon Sprint DCSS version 0.29.1-2-gbd0b4ee654 (webtiles) character file.

Game seed: 18316816174288981604

12925 Zeld the Executioner (level 11, 0/79 HPs)
             Began as a Minotaur Berserker on Oct 25, 2022.
             Was the Champion of Trog.
             Slain by an unseen horror (4 damage)
             ... in the Dungeon (Sprint I: "Red Sonja").
             The game lasted 00:07:05 (4534 turns).

Zeld the Executioner (Minotaur Berserker)           Turns: 4534, Time: 00:07:06

Health: 0/79       AC:  5    Str: 27      XL:     11   Next: 68%
Magic:  3/3        EV: 16    Int:  5      God:    Trog [******]
Gold:   180        SH:  5    Dex:  8 (9)  Spells: 10/10 levels left

rFire   . . .      SeeInvis +   a - +1 executioner's axe (antimagic)
rCold   . . .      Faith    .   (shield currently unavailable)
rNeg    . . .      Spirit   .   b - +2 robe "Watz" {rElec Regen+ Int+3 SInv}
rPois   +          Reflect  +   (helmet restricted)
rElec   +          Harm     .   (no cloak)
rCorr   .          Rampage  .   (no gloves)
Will    .....      NoTele   +   (no boots)
Stlth   ++........              r - amulet of reflection
HPRegen 0.00/turn               q - ring of poison resistance
MPRegen 0.08/turn               (no ring)

@: inhibited regen
A: horns 2, retaliatory headbutt, thin skeletal structure 1, clumsy 1,
deterioration 1, dopey 1, frail 3, screaming 1, inhibited regeneration, wild
magic 1, no potion heal 1
a: Renounce Religion, Berserk, Trog's Hand, Brothers in Arms


You were in the Dungeon.
You worshipped Trog.
Trog was exalted by your worship.
You visited 1 branch You collected 1349 gold pieces.
You spent 1169 gold pieces at shops.

Inventory:

Hand Weapons
 a - a +1 antimagic executioner's axe (weapon)
Armour
 b - the +2 robe "Watz" (worn) {rElec Regen+ Int+3 SInv}
   (You found it in the Dungeon)

   Int:       It affects your intelligence (+3).
   rElec:     It insulates you from electricity.
   SInv:      It lets you see invisible.
   Regen:     It increases your rate of health regeneration.
 s - a +0 troll leather armour
Jewellery
 q - a ring of poison resistance (left hand)
 r - an amulet of reflection (around neck)
Wands
 i - a wand of light (8)
 k - a wand of polymorph (11)
Scrolls
 h - 3 scrolls of blinking
 n - a scroll of silence
 o - a scroll of poison
 p - 2 scrolls of identify
 u - a scroll of fear
Potions
 c - 2 potions of curing
 d - a potion of heal wounds
 e - 2 potions of haste
 f - 2 potions of magic
 g - a potion of berserk rage
 j - a potion of ambrosia
 v - a potion of flight
Miscellaneous
 t - a box of beasts


   Skills:
 + Level 16.2 Fighting
 * Level 21.9 Axes
 + Level 16.0 Armour
 + Level 14.8 Dodging


You had 10 spell levels left.
You didn't know any spells.
Your spell library was empty.

Dungeon Overview and Level Annotations

Branches:
Dungeon (1/1)

Altars:
Cheibriados
Dithmenos
Elyvilon
Fedhas
Gozag
Hepliaklqana
Kikubaaqudgha
Makhleb
Nemelex Xobeh
Okawaru
Qazlal
Ru
Sif Muna
Trog
Uskayaw
Vehumet
Wu Jian
Xom
Yredelemnul
Zin
The Shining One
Jiyva
Lugonu

Shops:
D [*((=(:[?((::=*[?*[[(


Innate Abilities, Weirdness & Mutations

You have a pair of horns on your head.
You reflexively headbutt those who attack you in melee.
You have a somewhat thin skeletal structure. (Dex +2, Stealth+)
You are clumsy. (Dex -2)
Your body sometimes deteriorates upon taking damage.
You are dopey. (Int -2)
You are extremely frail. (-30% HP)
You occasionally shout uncontrollably at your foes.
You do not regenerate when monsters are visible.
Your spells are a little harder to cast, but a little more powerful.
Potions are less effective at restoring your health.


Message History

The Shining One smites you!
* * * LOW HITPOINT WARNING * * *
There is an open door here.
You start resting.
HP restored.
The daeva shouts! 4 unseen horrors come into view.
The unseen horror hits you. You block the unseen horror's attack.
You slice the unseen horror!! Your headbutt misses the unseen horror.
The unseen horror is severely wounded.
You hit the unseen horror. The unseen horror closely misses you.
You furiously retaliate!
You headbutt the unseen horror, but do no damage.
The unseen horror hits you. The unseen horror closely misses you.
The daeva calls down the wrath of the Shining One upon you.
The Shining One smites you! You block the unseen horror's attack.
The daeva calls down the wrath of the Shining One upon you.
The Shining One smites you! The unseen horror hits you.
The unseen horror hits you. You block the unseen horror's attack.
The unseen horror hits you but does no damage.
You block the unseen horror's attack. You block the unseen horror's attack.
The unseen horror barely misses you. You furiously retaliate!
You headbutt the unseen horror, but do no damage.
The daeva calls down the wrath of the Shining One upon you.
The Shining One smites you! The unseen horror misses you.
You furiously retaliate!
You headbutt the unseen horror, but do no damage.
The unseen horror hits you.
The daeva calls down the wrath of the Shining One upon you.
The Shining One smites you!
* * * LOW HITPOINT WARNING * * *
The unseen horror attacks as you move away!
The unseen horror hits you!
* * * LOW HITPOINT WARNING * * *
The unseen horror misses you.
There is an open door here.
The unseen horror hits you.
You die...

####################
'.).#[:#.§§§§.§.§§.+
#)..##§#§####§§§§§##
#..)'.§#.#.###§§§#####
#####).§§#'#.###@# $$##
#..##'####...#y#x##$$$#
§..#.....#..○###xx###$#
#..#.....+○....##x#A#$#
##'###..○#.....#x.###$#
##.'.#..○###++##.##..$#
.###.#°.###°.###..#+###
[∩##)#○○# ##$○###...
####§##'# #○○# ##.#


You could see 4 unseen horrors.

Vanquished Creatures
  A lorocyproca (D)
  2 centaur warriors (D)
  A deep troll (D)
  A lindwurm (D)
  An oklob plant (D)
  8 shining eyes (D)
  4 demonic crawlers (D)
  A gargoyle (D)
  2 kobold demonologists (D)
  2 unseen horrors (D)
  A hornet (D)
  A slime creature (D)
  Sigmund (D)
  A yak (D)
  13 hogs (D)
  2 redbacks (D)
  An acid dragon (D)
  6 floating eyes (D)
  An ogre (D)
  7 necrophages (D)
  8 jellies (D)
  Ijyb (D)
  A ballistomycete spore (D)
67 creatures vanquished.

Vanquished Creatures (others)
  A gargoyle (D)
  A ballistomycete spore (D)
2 creatures vanquished.

Grand Total: 69 creatures vanquished

Notes
Turn   | Place    | Note
-------+----------+-------------------------------------------
     0 | D        | Zeld the Minotaur Berserker began the quest for the Orb.
     0 | D        | Reached XP level 1. HP: 19/19 MP: 0/0
     1 | D        | Noticed Ijyb
     9 | D        | Killed Ijyb
    10 | D        | Reached skill level 5 in Axes
    10 | D        | Reached XP level 2. HP: 23/28 MP: 1/1
   233 | D        | Noticed an ogre
   237 | D        | Killed an ogre
   238 | D        | Reached skill level 7 in Axes
   238 | D        | Reached skill level 5 in Armour
   238 | D        | Reached XP level 3. HP: 37/37 MP: 2/2
   238 | D        | Reached XP level 4. HP: 44/44 MP: 3/3
   436 | D        | Noticed Sigmund
   441 | D        | Killed Sigmund
   441 | D        | Reached ** piety under Trog
   442 | D        | Reached skill level 10 in Axes
   442 | D        | Reached XP level 5. HP: 53/53 MP: 4/4
   442 | D        | Reached XP level 6. HP: 61/61 MP: 5/5
   609 | D        | Killed a gargoyle
   614 | D        | Found a burning altar of Makhleb.
   614 | D        | Found a viscous altar of Jiyva.
   614 | D        | Found a shimmering altar of Xom.
   614 | D        | Found a corrupted altar of Lugonu.
   614 | D        | Noticed a slime creature
   621 | D        | Killed a slime creature
   622 | D        | Reached skill level 11 in Axes
   803 | D        | Noticed a kobold demonologist
   803 | D        | Noticed a floating eye
   803 | D        | Noticed a kobold demonologist
   805 | D        | Noticed a sixfirhy
   806 | D        | Killed a floating eye
   807 | D        | Reached skill level 12 in Axes
   807 | D        | Reached XP level 7. HP: 70/70 MP: 6/6
   813 | D        | Killed a kobold demonologist
   814 | D        | Reached skill level 13 in Axes
   821 | D        | Killed a kobold demonologist
   821 | D        | Reached *** piety under Trog
   822 | D        | Reached skill level 10 in Fighting
   822 | D        | Reached XP level 8. HP: 59/79 MP: 7/7
  1084 | D        | Found an ornate altar of the Wu Jian Council.
  1084 | D        | Found a shimmering blue altar of Sif Muna.
  1086 | D        | Found a radiant altar of Vehumet.
  1090 | D        | Reached skill level 10 in Armour
  1140 | D        | Found Mixkuadu's Antique Weapon Emporium.
  1140 | D        | Found an ancient bone altar of Kikubaaqudgha.
  1140 | D        | Found a hazy altar of Hepliaklqana.
  1140 | D        | Found a hide-covered altar of Uskayaw.
  1140 | D        | Found a basalt altar of Yredelemnul.
  1140 | D        | Found an opulent altar of Gozag.
  1140 | D        | Found a snail-covered altar of Cheibriados.
  1140 | D        | Found a sacrificial altar of Ru.
  1140 | D        | Found a shadowy altar of Dithmenos.
  1143 | D        | Found a stormy altar of Qazlal.
  1143 | D        | Found a blossoming altar of Fedhas.
  1143 | D        | Found a bloodstained altar of Trog.
  1143 | D        | Found an iron altar of Okawaru.
  1143 | D        | Found a glowing golden altar of the Shining One.
  1143 | D        | Found a glowing silver altar of Zin.
  1143 | D        | Found a white marble altar of Elyvilon.
  1145 | D        | Reached skill level 14 in Axes
  1146 | D        | Found a sparkling altar of Nemelex Xobeh.
  1150 | D        | Bought a glowing hand axe for 138 gold pieces
  1168 | D        | Noticed Sonja
  1170 | D        | Noticed Sonja
  1170 | D        | Sonja changed into Sonja the acid dragon
  1178 | D        | Killed Sonja the acid dragon
  1178 | D        | Reached **** piety under Trog
  1629 | D        | Found Osiokicoan's Armour Boutique.
  1649 | D        | Noticed a deep troll
  1657 | D        | Killed a deep troll
  1658 | D        | Reached skill level 15 in Axes
  1658 | D        | Reached skill level 10 in Dodging
  1716 | D        | Found Luph's Armour Emporium.
  1798 | D        | Noticed a centaur warrior
  1798 | D        | Noticed a centaur warrior
  1803 | D        | Killed a centaur warrior
  1804 | D        | Reached skill level 16 in Axes
  1804 | D        | Reached XP level 9. HP: 90/90 MP: 8/8
  1812 | D        | Killed a centaur warrior
  2055 | D        | Reached skill level 17 in Axes
  2287 | D        | Noticed an oklob plant
  2298 | D        | Killed an oklob plant
  2298 | D        | Reached ***** piety under Trog
  2448 | D        | Reached XP level 10. HP: 20/101 MP: 9/9
  2448 | D        | HP: 2/101 [poisoned by a redback]
  2813 | D        | Noticed a shining eye
  2813 | D        | Noticed a shining eye
  2813 | D        | Noticed a shining eye
  2813 | D        | Noticed a shining eye
  2813 | D        | Noticed a shining eye
  2813 | D        | Noticed a shining eye
  2813 | D        | Gained mutation: You are frail. (-10% HP) [a shining eye]
  2814 | D        | Paralysed by a floating eye for 2 turns
  2815 | D        | Gained mutation: You are very frail. (-20% HP) [a shining
                  | eye]
  2823 | D        | Killed a shining eye
  2823 | D        | Received a gift from Trog
  2824 | D        | Reached skill level 18 in Axes
  2826 | D        | Killed a shining eye
  2826 | D        | Gained mutation: You do not regenerate when monsters are
                  | visible. [a shining eye]
  2828 | D        | Killed a shining eye
  2829 | D        | Killed a shining eye
  2829 | D        | Gained mutation: You are extremely frail. (-30% HP) [a
                  | shining eye]
  2830 | D        | Gained mutation: Your body sometimes deteriorates upon
                  | taking damage. [a shining eye]
  2832 | D        | Paralysed by a floating eye for 2 turns
  2832 | D        | Gained mutation: You occasionally shout uncontrollably at
                  | your foes. [a shining eye]
  2834 | D        | Gained mutation: You are dopey. (Int -2) [a shining eye]
  2834 | D        | Gained mutation: You have a somewhat thin skeletal
                  | structure. (Dex +2, Stealth+) [a shining eye]
  2837 | D        | Killed a shining eye
  2837 | D        | Gained mutation: Potions are less effective at restoring
                  | your health. [a shining eye]
  2838 | D        | Reached skill level 19 in Axes
  2838 | D        | Killed a shining eye
  2839 | D        | Noticed a shining eye
  2839 | D        | Noticed a shining eye
  2842 | D        | Gained mutation: You are clumsy. (Dex -2) [a shining eye]
  2844 | D        | Gained mutation: Your spells are a little harder to cast,
                  | but a little more powerful. [a shining eye]
  2851 | D        | Killed a shining eye
  2857 | D        | Killed a shining eye
  2857 | D        | Reached ****** piety under Trog
  2984 | D        | Found Modeoly's General Store.
  2984 | D        | Found Hyomn's Jewellery Shop.
  2984 | D        | Found Loijase's Antique Weapon Emporium.
  2984 | D        | Found Vuxeak's Antique Weapon Boutique.
  3090 | D        | Bought a scroll of identify for 24 gold pieces
  3090 | D        | Bought a scroll of identify for 24 gold pieces
  3099 | D        | Bought a bloodstained hand axe for 256 gold pieces
  3099 | D        | Identified the +4 hand axe of Uskayaw, Wizarding {vorpal,
                  | rC+ rN+ rCorr Dex-2} (You bought it in a shop in the
                  | Dungeon)
  3114 | D        | Bought a ring of poison resistance for 200 gold pieces
  3114 | D        | Bought an amulet of reflection for 300 gold pieces
  3160 | D        | Received a gift from Trog
  3161 | D        | Reached skill level 20 in Axes
  3161 | D        | Reached XP level 11. HP: 77/77 MP: 3/10
  3167 | D        | Reached skill level 15 in Fighting
  3416 | D        | Noticed a lindwurm
  3420 | D        | Killed a lindwurm
  3421 | D        | Reached skill level 15 in Armour
  3464 | D        | Received a gift from Trog
  3472 | D        | Reached skill level 21 in Axes
  3811 | D        | Received a gift from Trog
  3832 | D        | Received a gift from Trog
  3958 | D        | Found Poprastass's Assorted Antiques.
  3958 | D        | Found Kauwe's Antique Armour Emporium.
  3963 | D        | Received a gift from Trog
  3965 | D        | Found Veorghist's Weapon Emporium.
  3967 | D        | Identified the +2 robe "Watz" {rElec Regen+ Int+3 SInv}
  4002 | D        | Found Teghoxi's Antique Armour Shoppe.
  4002 | D        | Found Raomeg's Book Shop.
  4002 | D        | Found Lulaly's Magic Scroll Boutique.
  4004 | D        | Found Ibah's Antique Weapon Emporium.
  4004 | D        | Found Nofrum's Antique Weapon Shop.
  4004 | D        | Found Gaompes's Book Shoppe.
  4004 | D        | Found Guofie's Book Boutique.
  4004 | D        | Found Yjeabreq's Jewellery Emporium.
  4004 | D        | Found Iroir's General Store.
  4004 | D        | Found Igedax's Armour Shoppe.
  4008 | D        | Bought a scroll of identify for 20 gold pieces
  4008 | D        | Bought a scroll of identify for 20 gold pieces
  4008 | D        | Bought a scroll of fear for 40 gold pieces
  4008 | D        | Found Nyruv's Magic Scroll Boutique.
  4014 | D        | Bought a scroll of blinking for 105 gold pieces
  4014 | D        | Bought a potion of flight for 42 gold pieces
  4072 | D        | Noticed a lorocyproca
  4084 | D        | Killed a lorocyproca
  4459 | D        | Identified the +2 tower shield "Ciuwu" {Contam Regen+
                  | Int+5}
  4459 | D        | Noticed a daeva
  4534 | D        | Slain by an unseen horror

Illustrated notes

Levels and vault maps discovered:
D:        dungeon_sprint_1 [red_sonja_temple_1, red_sonja_temple_small_1]

Skill      XL: |  1  2  3  4  5  6  7  8  9 10 11 |
---------------+----------------------------------+-----
Fighting       | 4 6 7 9 10 12 13 14 16 | 16.2
Axes           | 5 7 10 12 13 16 17 20 21 | 21.9
Armour         | 3 5 7 8 9 11 12 14 16 | 16.0
Dodging        | 3 4 6 7 9 10 11 13 14 | 14.8

Action                   |  1- 3 |  4- 6 |  7- 9 | 10-12 || total
-------------------------+-------+-------+-------+-------++-------
Melee: Hand axe          |     7 |     9 |    81 |    31 ||   128
       Headbutt          |     1 |     3 |    17 |    25 ||    46
       Punch             |       |       |     1 |     4 ||     5
       Battleaxe         |       |       |       |    59 ||    59
       Executioner's axe |       |       |       |    28 ||    28
Invok: Berserk           |     2 |     3 |     3 |     4 ||    12
       Trog's Hand       |       |       |       |     1 ||     1
Evoke: Wand              |       |       |     2 |       ||     2
  Use: Potion            |       |       |       |     1 ||     1
       Scroll            |       |       |       |     5 ||     5
 Stab: Sleeping          |       |       |       |     1 ||     1
Armor: Animal skin       |       |     1 |     2 |       ||     3
       Troll leather arm |       |       |     8 |    15 ||    23
       Robe              |       |       |       |     1 ||     1
Dodge: Dodged            |     2 |     2 |    34 |    40 ||    78
Block: Other             |       |       |       |    14 ||    14
